[ AOE2 MATCH · #506906797 ]
UnrankedCelts vs Incas
Player's team · WIN
Rival team · LOSS
[ REPLAY ANALYSIS · EXTRACTED FROM THE RECORDED GAME ]
Feudal
10:22
Castle
—
Imperial
—
| APM avg | 75.9 |
| APM peak | 109 |
| eAPM avg | 39.9 |
| Villagers / military | 26 / 6 |
Focus
⚔️ 33.8% · 🌾 66.2%
Militia ×6
Feudal
10:33
Castle
—
Imperial
—
| APM avg | 40.3 |
| APM peak | 65 |
| eAPM avg | 23.6 |
| Villagers / military | 25 / 0 |
Focus
⚔️ 37.9% · 🌾 62.1%
Unknown (2550) ×5
Match map
Initial resources + every placement click. Lines = walls · curves = elevation contours. ◆ gold · ⬟ stone · ● berries · ✦ relic · ◌ wall gap
Your base· Open — unwalled flank
nC_Future's base· Open — unwalled flank
Smoothed initial terrain · ◌ = detected wall gap · hover for details
Inputs per minute
— Dobbs351 - - nC_Future
Build order — Dobbs351
74 actions detected in the replay
| 0:00 | Queue | Villager (Male) |
| 0:00 | Queue | Villager (Male) |
| 0:02 | Build | House |
| 0:02 | Build | House |
| 0:06 | Queue | Villager (Male) |
| 0:10 | Queue | Villager (Male) |
| 0:10 | Queue | Villager (Male) |
| 1:25 | Queue | Villager (Male) |
| 1:26 | Queue | Villager (Male) |
| 1:50 | Queue | Villager (Male) |
| 2:07 | Build | Lumber Camp |
| 2:16 | Queue | Villager (Male) |
| 2:49 | Queue | Villager (Male) |
| 3:01 | Queue | Villager (Male) |
| 3:01 | Queue | Villager (Male) |
| 3:19 | Queue | Villager (Male) |
| 4:10 | Queue | Villager (Male) |
| 4:11 | Build | Palisade Wall |
| 4:13 | Build | Palisade Wall |
| 4:22 | Build | Palisade Wall |
| 4:24 | Research | Loom |
| 4:24 | Research | Loom |
| 4:40 | Build | Palisade Wall |
| 4:48 | Queue | Villager (Male) |
| 5:02 | Build | House |
| 5:09 | Build | Palisade Wall |
| 5:11 | Build | Palisade Wall |
| 5:16 | Build | Palisade Wall |
| 5:17 | Build | Palisade Wall |
| 5:18 | Build | Palisade Wall |
| 5:19 | Build | Palisade Wall |
| 5:35 | Queue | Villager (Male) |
| 6:16 | Queue | Villager (Male) |
| 6:25 | Build | Barracks |
| 6:39 | Queue | Villager (Male) |
| 6:43 | Build | Mining Camp |
| 7:09 | Queue | Villager (Male) |
| 7:26 | Build | Palisade Wall |
| 7:30 | Build | Palisade Wall |
| 7:31 | Build | Palisade Wall |
| 7:45 | Build | Palisade Wall |
| 7:46 | Build | Palisade Wall |
| 7:53 | Queue | Villager (Male) |
| 8:02 | Build | Palisade Wall |
| 8:07 | Build | Palisade Wall |
| 8:12 | Research | Feudal Age |
| 8:12 | Research | Feudal Age |
| 8:31 | Queue | Militia |
| 8:34 | Build | House |
| 9:05 | Queue | Militia |
| 9:06 | Queue | Militia |
| 9:28 | Build | Palisade Wall |
| 9:41 | Queue | Militia |
| 9:54 | Build | Mill |
| 9:57 | Queue | Militia |
| 9:58 | Queue | Villager (Male) |
| 10:02 | Build | House |
| 10:04 | Build | House |
| 10:22 | Age | Feudal Age |
| 10:24 | Research | Man-at-Arms (upgrade) |
| 10:24 | Research | Man-at-Arms (upgrade) |
| 10:49 | Queue | Villager (Male) |
| 10:51 | Research | Double-Bit Axe |
| 10:51 | Research | Double-Bit Axe |
| 10:56 | Build | Archery Range |
| 11:06 | Queue | Villager (Male) |
| 11:15 | Queue | Villager (Male) |
| 11:23 | Queue | Villager (Male) |
| 11:39 | Build | Farm |
| 11:40 | Build | Farm |
| 11:40 | Build | Farm |
| 11:49 | Queue | Villager (Male) |
| 12:00 | Queue | Militia |
| 12:02 | Build | Palisade Wall |
Build order — nC_Future
44 actions detected in the replay
| 0:00 | Queue | Villager (Male) |
| 0:00 | Queue | Villager (Male) |
| 0:01 | Queue | Villager (Male) |
| 0:02 | Build | House |
| 0:04 | Build | Barracks |
| 0:27 | Queue | Villager (Male) |
| 1:31 | Queue | Villager (Male) |
| 1:34 | Research | Loom |
| 1:35 | Queue | Unit 2550 |
| 1:59 | Queue | Villager (Male) |
| 2:09 | Queue | Villager (Male) |
| 2:28 | Queue | Unit 2550 |
| 2:29 | Queue | Villager (Male) |
| 2:41 | Queue | Villager (Male) |
| 3:02 | Queue | Villager (Male) |
| 3:21 | Build | House |
| 3:23 | Queue | Villager (Male) |
| 3:57 | Queue | Villager (Male) |
| 4:25 | Queue | Villager (Male) |
| 4:28 | Queue | Villager (Male) |
| 4:58 | Queue | Villager (Male) |
| 5:39 | Queue | Villager (Male) |
| 5:40 | Queue | Villager (Male) |
| 5:58 | Build | Settlement |
| 6:05 | Queue | Villager (Male) |
| 6:25 | Queue | Villager (Male) |
| 6:40 | Queue | Villager (Male) |
| 7:17 | Queue | Villager (Male) |
| 7:29 | Build | Settlement |
| 7:59 | Build | Farm |
| 8:15 | Queue | Villager (Male) |
| 8:23 | Research | Feudal Age |
| 9:00 | Queue | Unit 2550 |
| 9:06 | Build | Barracks |
| 9:14 | Queue | Unit 2550 |
| 9:43 | Build | Settlement |
| 9:50 | Queue | Unit 2550 |
| 10:33 | Age | Feudal Age |
| 10:36 | Research | Tech 1402 |
| 10:43 | Queue | Villager (Male) |
| 10:52 | Build | Blacksmith |
| 11:33 | Queue | Villager (Male) |
| 11:36 | Build | Farm |
| 11:43 | Queue | Villager (Male) |
Match timeline
| 0:04 | nC_Future · first_building Barracks |
| 4:11 | Dobbs351 · wall_segment Palisade Wall x1 |
| 4:13 | Dobbs351 · wall_segment Palisade Wall x1 |
| 4:22 | Dobbs351 · wall_segment Palisade Wall x1 |
| 4:40 | Dobbs351 · wall_segment Palisade Wall x1 |
| 5:09 | Dobbs351 · wall_segment Palisade Wall x1 |
| 5:11 | Dobbs351 · wall_segment Palisade Wall x1 |
| 5:16 | Dobbs351 · wall_segment Palisade Wall x1 |
| 5:17 | Dobbs351 · wall_segment Palisade Wall x1 |
| 5:18 | Dobbs351 · wall_segment Palisade Wall x1 |
| 5:19 | Dobbs351 · wall_segment Palisade Wall x1 |
| 6:25 | Dobbs351 · first_building Barracks |
| 7:26 | Dobbs351 · wall_segment Palisade Wall x1 |
| 7:30 | Dobbs351 · wall_segment Palisade Wall x1 |
| 7:31 | Dobbs351 · wall_segment Palisade Wall x1 |
| 7:45 | Dobbs351 · wall_segment Palisade Wall x1 |
| 7:46 | Dobbs351 · wall_segment Palisade Wall x1 |
| 8:02 | Dobbs351 · wall_segment Palisade Wall x1 |
| 8:07 | Dobbs351 · wall_segment Palisade Wall x1 |
| 9:28 | Dobbs351 · wall_segment Palisade Wall x7 |
| 10:22 | Dobbs351 · age_up feudal |
| 10:33 | nC_Future · age_up feudal |
| 10:56 | Dobbs351 · first_building Archery Range |
| 12:02 | Dobbs351 · wall_segment Palisade Wall x1 |
| 12:05 | nC_Future · resign |
[ AI ANALYSIS · 1 CREDIT ]
What really happened in this match?
Wolo.gg analyzes every decision: build order, eco, micro, common mistakes by bracket. Personalized analysis on WhatsApp or Discord in 30 seconds.
Civ guide
Celts
Perfil
Jugador #246423